 Dungeon Crawl Stone Soup version 0.26-a0-1205-g4083c211ab (webtiles) character file.

Game seed: 14267261923380614895

68 Frask the Skirmisher (level 4, 0/50 HPs)
             Began as an Ogre Berserker on Dec 30, 2020.
             Was a Believer of Trog.
             Succumbed to an adder's poison
             ... on level 2 of the Dungeon.
             The game lasted 00:05:23 (2106 turns).

Frask the Skirmisher (Ogre Berserker)               Turns: 2106, Time: 00:05:24

Health: 0/50       AC:  3    Str: 22    XL:     4   Next: 19%
Magic:  4/4        EV: 10    Int:  8    God:    Trog [**....]
Gold:   108        SH:  0    Dex:  8    Spells: 3/3 levels left

rFire    . . .     SeeInvis .   a - +0 hand axe
rCold    . . .     Faith    .   (no shield)
rNeg     . . .     Spirit   .   b - +0 animal skin
rPois    .         Reflect  .   (helmet restricted)
rElec    .         Harm     .   (no cloak)
rCorr    .         Rampage  .   (gloves unavailable)
Will     .....                  (boots unavailable)
Stlth    ++........             (no amulet)
HPRegen  0.16/turn              f - ring of stealth
MPRegen  0.09/turn              (no ring)

@: mighty, lethally poisoned (0 -> -14)
A: large, unfitting armour, tough skin 1
a: Renounce Religion, Berserk, Trog's Hand


You were on level 2 of the Dungeon.
You worshipped Trog.
Trog was pleased with you.
You visited 1 branch of the dungeon, and saw 2 of its levels.

You collected 108 gold pieces.

Inventory:

Hand Weapons
 a - a +0 hand axe (weapon)
 g - a +1 dagger of venom
Armour
 b - a +0 animal skin (worn)
Jewellery
 f - a ring of stealth (left hand)
Scrolls
 c - a scroll of fog {unknown}
 d - a scroll of remove curse {unknown}
 e - 2 scrolls of teleportation {unknown}
 h - a scroll of enchant weapon {unknown}
 i - a scroll of random uselessness {unknown}
 j - a scroll of blinking {unknown}
 l - 6 scrolls of identify {unknown}
Potions
 m - a potion of heal wounds {unknown}


   Skills:
 * Level 5.1 Fighting
 + Level 4.0 Axes
 - Level 3.0 Dodging


You had 3 spell levels left.
You didn't know any spells.
Your spell library was empty.

Dungeon Overview and Level Annotations

Branches:
Dungeon (2/15)

Altars:


Innate Abilities, Weirdness & Mutations

You are too large for most types of armour.
You have tough skin. (AC +1)


Message History

* * * LOW HITPOINT WARNING * * *
You feel sick. The adder bites you.
* * * LOW HITPOINT WARNING * * *
The adder bites you.
* * * LOW HITPOINT WARNING * * *
It was a potion of might.
You feel very mighty all of a sudden.
* * * LOW HITPOINT WARNING * * *
You feel sick. The adder bites you.
* * * LOW HITPOINT WARNING * * *
You are more poisoned.
The adder poisons you!
You miss the adder.
The adder is heavily wounded.
* * * LOW HITPOINT WARNING * * *
You feel sick. The adder barely misses you.
You hit the adder.
You kill the adder!
Trog accepts your kill.
You die...

...'..........(.<...>#.#
####..........#<.......#
...#####......##########
##.### #......# .....#
#......# .[...#
#......######
.....###...........#
.......#...........#
.......####.....@..#
.......## #........#
........# #........#
..##....# #........#
..#####.# #........# ..#
#.# #........# ..# #.#
#........# ..# #.#
#........# #######.#####


There were no monsters in sight!

Vanquished Creatures
  A gnoll (D:1)
  2 adders (D:2)
  2 oozes
  A worm (D:2)
  A dart slug (D:1)
  A leopard gecko (D:1)
  A giant cockroach (D:2)
  5 goblins
  6 hobgoblins
  3 kobolds (D:1)
  2 quokkas (D:2)
  4 bats (D:1)
  4 frilled lizards
  4 rats
37 creatures vanquished.

Notes
Turn   | Place    | Note
-------+----------+-------------------------------------------
     0 | D:1      | Frask the Ogre Berserker began the quest for the Orb.
     0 | D:1      | Reached XP level 1. HP: 24/24 MP: 1/1
   176 | D:1      | Reached XP level 2. HP: 29/32 MP: 2/2
   519 | D:1      | Reached XP level 3. HP: 27/40 MP: 3/3
   840 | D:1      | Reached ** piety under Trog
  1540 | D:2      | Reached skill level 5 in Fighting
  1540 | D:2      | Reached XP level 4. HP: 35/50 MP: 4/4
  1778 | D:2      | Found a faded altar of an unknown god.
  2105 | D:2      | HP: 1/50 [poisoned by an adder]
  2106 | D:2      | Succumbed to an adder's poison

Illustrated notes

Levels and vault maps discovered:
D:1:      dpeg_cavernosity, layout_basic, st_stairs_11, kennysheep_nondescript,
          solitary_fountain, minmay_pentomino_z2
D:2:      layout_basic, chequers_ecumenical_altar_island

Skill      XL: |  1  2  3  4 |
---------------+-------------+-----
Dodging        | 3 |  3.0
Fighting       | 5 |  5.1
Axes           | 4 |  4.0

Action                   |  1- 3 |  4- 6 || total
-------------------------+-------+-------++-------
Melee: Hand axe          |    91 |    41 ||   132
Invok: Berserk           |       |     1 ||     1
  Use: Potion            |       |     1 ||     1
 Stab: Sleeping          |     4 |       ||     4
Armor: Animal skin       |    25 |     9 ||    34
Dodge: Dodged            |    42 |    23 ||    65

Table legend: (Time is in decaauts)
 A = Elapsed time spent in this place.
 B = Non-inter-level travel time spent in this place.
 C = Inter-level travel time spent in this place.
 D = Time resting spent in this place.
 E = Time spent auto-exploring this place.
 F = Levels seen in this place.
 G = Mean time per level.
                   A        B        C        D        E       F      G
               +--------+--------+--------+--------+--------+-----+--------+
         Total |   2134 |   2105 |     29 |    380 |   1296 |   2 | 1067.0 |
       Dungeon |   2134 |   2105 |     29 |    380 |   1296 |   2 | 1067.0 |
               +--------+--------+--------+--------+--------+-----+--------+

Top non-repeatable levels by time:
     D:1: 1581 daAuts
     D:2: 553 daAuts
